[Event "*** Titled Tuesday Blitz"]
[Site "Chess.com"]
[Date "2020.12.29"]
[Round "2"]
[White "frenchpin"]
[Black "Matols"]
[Result "1/2-1/2"]
[WhiteElo "2456"]
[BlackElo "2278"]
[TimeControl "180+1"]
[EndTime "10:18:22 PST"]
[Termination "Game drawn by stalemate"]

1. e4 e6 2. d4 d5 3. Nd2 c5 4.
exd5 Qxd5 5. Ngf3 cxd4 6. Bc4 Qd6 7. O-O Nf6 8. Nb3 Nc6 9. Nbxd4 Nxd4 10. Nxd4 a6 11.
Re1 Qc7 12. Qe2 Bd7 13. Bg5 O-O-O 14. Rad1 Bd6 15. h3 h6 16. Be3 Bc6 17. Rd3 Ne4 18.
a3 g5 19. b4 h5 20. Bxa6 bxa6 21. Nxc6 Qxc6 22. Bd4 e5 23. Bb2 f5 24. c4 Kb7 25.
Qc2 g4 26. Qb3 gxh3 27. b5 axb5 28. cxb5 Qc5 29. Qf7+ Kb8 30. Qxf5 Qxf2+ 31. Qxf2 Nxf2 32. Kxf2 Bc5+ 33. Ke2 Rxd3 34. Kxd3 hxg2 35. Bxe5+ Kb7 36. Bxh8 g1=Q 37. Rxg1 Bxg1 38. Kc4 h4 39. Be5 h3 40. a4 h2 41. Bxh2 Bxh2 42. a5 Bc7 43. Kb4 Bxa5+ 44.
Kxa5 Ka7 45. Kb4 Kb6 46. Kc4 Kb7 47. Kc5 Kc7 48. Kd5 Kb6 49. Kc4 Kb7 50. Kb4 Kb6 51.
Ka4 Kb7 52. Ka5 Ka7 53. b6+ Kb7 54. Kb5 Kb8 55. Kc5 Kb7 56. Kb5 Kb8 57. Kb4 Kb7 58. Ka5 Kb8 59. Ka6 Ka8 60. b7+ Kb8 61. Kb6 1/2-1/2

[Event "*** Titled Tuesday Blitz"]
[Site "Chess.com"]
[Date "2020.12.29"]
[Round "2"]
[White "GigaQuparadze"]
[Black "rychessmaster1"]
[Result "1-0"]
[WhiteElo "2890"]
[BlackElo "2566"]
[TimeControl "180+1"]
[EndTime "10:18:25 PST"]
[Termination "GigaQuparadze won by resignation"]

1. e4 c6 2. d4 d5 3. Nc3 dxe4 4. Nxe4 Nf6 5. Nxf6+ exf6 6. c3 Bd6 7. Bd3 O-O 8. Qc2 Re8+ 9. Ne2 h5 10. O-O h4 11.
h3 Nd7 12. c4 Nf8 13. Be3 Bc7 14. Rfe1 b6 15. Rad1 Bb7 16. c5 Qd5 17. Nc3 Qh5 18. Be2 Qg6 19. Bd3 Qh5 20. b4 Rad8 21. Bc4 Ng6 22. b5 Nf4 23. Bxf4 Bxf4 24. bxc6 Bc8 25. cxb6 axb6 26. Be2 Qg5 27. Kf1 Bh2 28. Ne4 Qg6 29.
Bf3 Bxh3 30. gxh3 f5 31. Bg2 fxe4 32. Rxe4 Rxe4 33. Qxe4 Qh5 34. Bf3 Qb5+ 35. Kg2 Bc7 36. d5 Qc5 37. Qxh4 Qd6 38. Kf1 Re8 39. Qg3 Qf6 40. Qg4 Bd6 41. Kg2 Qe5 42. Rh1 Qb2 43.
Qd7 Qe5 44. h4 Re7 45. Qc8+ Kh7 46. Qg4 g6 47. h5 g5 48. h6 f5 49. Qxg5 Re8 50.
Qg7+ Qxg7+ 51. hxg7+ Kxg7 52. Rb1 Bc7 53. d6 Bxd6 54.
Rxb6 Rc8 55. a4 Kf6 56. a5 Ke5 57. a6 Ra8 58. c7 Bxc7 59. Rb5+ Kf4 60. Bxa8 1-0

[Event "*** Titled Tuesday Blitz"]
[Site "Chess.com"]
[Date "2020.12.29"]
[Round "2"]
[White "Konavets"]
[Black "aa175"]
[Result "0-1"]
[WhiteElo "2977"]
[BlackElo "2378"]
[TimeControl "180+1"]
[EndTime "10:18:25 PST"]
[Termination "aa175 won by resignation"]

1. e4 c5 2. Nf3 d6 3. d4 cxd4 4.
Nxd4 Nf6 5. Nc3 a6 6. Bg5 Nbd7 7.
f4 Qc7 8. Qf3 h6 9. Bxf6 Nxf6 10. f5 Qc5 11. O-O-O g5 12. e5 dxe5 13. Ndb5 Bd7 14.
Qxb7 Rc8 15. Na7 Rd8 16. Bxa6 Bg7 17. Bb5 O-O 18. Bxd7 Nxd7 19. Rxd7 Qe3+ 20. Kb1 Rb8 21. Qc6 e4 22. Qb5 Rxb5 23. Naxb5 Bxc3 24. Nxc3 Rb8 25. Rhd1 Qc5 26. Nxe4 Qb4 27. Rd8+ Rxd8 28. Rxd8+ Kg7 29.
Nc3 Qb6 30. Rd1 Qf2 31. a4 Qxg2 32. a5 Qxh2 33. a6 Qg2 34. Nd5 Qe2 35. Rd3 Qe1+ 36. Ka2 Qa5+ 37. Kb1 Qe1+ 38. Ka2 Qa5+ 39. Kb3 Qxa6 40.
c4 g4 41. Kc3 h5 42. c5 Qa5+ 43. Kc4 Qa2+ 44. b3 Qa6+ 45. Kd4 e5+ 46. fxe6 fxe6 47. Nb4 Qb5 48. Nc2 e5+ 49. Ke4 Qxc5 50. Ne3 Qb4+ 51.
Kxe5 Qe7+ 52. Kf4 Qf6+ 53. Nf5+ Kf7 54. Rd7+ Kf8 55. Rd6 Qc3 56. Kg5 Qb4 57. Kg6 Qxd6+ 58. Nxd6 g3 59. Kxh5 g2 60. Ne4 g1=Q 61. Ng5 Qb6 62. Kg4 Ke8 63. Kf5 Qxb3 64. Ne6 Qb5+ 65. Kf6 Qb6 66. Ke5 Ke7 67. Nd4 Qd6+ 68. Ke4 Qf6 69.
Kd5 Qg5+ 70. Ke4 Qh5 71. Nf5+ Ke6 72. Ne3 Qh4+ 73. Kd3 Ke5 74. Nc4+ Kd5 75. Ne3+ Kc5 76. Nf5 Qc4+ 77. Ke3 Kd5 78. Kf3 Qe4+ 0-1

[Event "*** Titled Tuesday Blitz"]
[Site "Chess.com"]
[Date "2020.12.29"]
[Round "2"]
[White "Olga_Ustinova"]
[Black "ShahMatKanal"]
[Result "1-0"]
[WhiteElo "2247"]
[BlackElo "2421"]
[TimeControl "180+1"]
[EndTime "10:18:25 PST"]
[Termination "Olga_Ustinova won on time"]

1. d4 d5 2. c4 e6 3. Nc3 Nf6 4. cxd5 exd5 5. Bg5 c6 6. e3 Qb6 7. Qc2 Ne4 8. Nxe4 dxe4 9. Bh4 Bb4+ 10. Kd1 O-O 11.
Ne2 c5 12. a3 cxd4 13. axb4 d3 14. Qc5 Qe6 15. Bg3 Qb3+ 16. Ke1 Qxb2 17. Qd4 d2+ 18. Kd1 Qb3+ 19. Kxd2 Nc6 20. Qc3 Rd8+ 21. Ke1 Be6 22. Qxb3 Bxb3 23. f3 Nxb4 24. Kf2 a5 25. Nd4 Nc2 26.
Nxc2 Rd2+ 27. Ke1 Rxc2 28. fxe4 a4 29. Bd3 Rxg2 30. Bf2 Rd8 31. Ke2 Rxf2+ 32. Kxf2 Rxd3 33. Rhc1 g6 34. Ke2 Rd7 35. Rc5 Kg7 36. Ra5 b6 37. R5xa4 Bxa4 38. Rxa4 Rc7 39. Rb4 Rc2+ 40. Kf3 Rxh2 41.
Rxb6 h5 42. Kg3 Re2 43. Kf3 Ra2 44. Rb8 Ra6 45. Rb1 Rf6+ 46. Kg3 Re6 47. Rb4 g5 48.
Kh3 Kg6 49. Kg3 f6 50. Kf3 Ra6 51. Rb8 h4 52. Rh8 Kg7 53. Rc8 Ra7 54. Kg4 Re7 55. Kf3 Rd7 56. Rc5 Rd1 57. e5 f5 58.
e6 Kf6 59. Rc6 1-0

[Event "*** Titled Tuesday Blitz"]
[Site "Chess.com"]
[Date "2020.12.29"]
[Round "2"]
[White "davidkalashian"]
[Black "mishanick"]
[Result "0-1"]
[WhiteElo "2595"]
[BlackElo "2985"]
[TimeControl "180+1"]
[EndTime "10:18:27 PST"]
[Termination "mishanick won on time"]

1. d4 Nf6 2. c4 e6 3. Nf3 d5 4.
Nc3 dxc4 5. e3 a6 6. a4 b6 7.
Bxc4 Bb7 8. O-O Bb4 9. Qe2 O-O 10. Rd1 Qe7 11. Bd3 c5 12. dxc5 Bxc5 13. b3 Nbd7 14. Bb2 Rfd8 15. h3 h6 16. Nd2 Ne5 17. Bc2 Rac8 18.
Nde4 Bb4 19. Nxf6+ Qxf6 20. Rxd8+ Qxd8 21. Ne4 Ng6 22. Rd1 Qc7 23. Bb1 Qc6 24. f3 Be7 25. Ng3 Nh4 26. Nh5 f6 27. Qd3 Nf5 28. Rc1 Qe8 29. Rxc8 Qxc8 30. Nf4 Bc5 31. Kh2 Bxe3 32. Nxe6 Qxe6 33.
Qxf5 Qd6+ 34. Kh1 Qd1+ 35. Kh2 Qg1+ 36. Kg3 Bf2+ 37. Kf4 Qh2+ 0-1

[Event "*** Titled Tuesday Blitz"]
[Site "Chess.com"]
[Date "2020.12.29"]
[Round "2"]
[White "Rud_Makarian"]
[Black "NMShanMeruga"]
[Result "1-0"]
[WhiteElo "2676"]
[BlackElo "2401"]
[TimeControl "180+1"]
[EndTime "10:18:27 PST"]
[Termination "Rud_Makarian won on time"]

1. e4 d5 2. exd5 Qxd5 3. Nc3 Qd8 4. Nf3 c6 5. d4 Bg4 6. Bc4 e6 7. O-O Nd7 8. h3 Bxf3 9. Qxf3 Ngf6 10. Bg5 Be7 11. Rfe1 O-O 12. Rad1 Nd5 13. Bxe7 Nxe7 14. Ne4 b5 15. Bd3 Qc8 16. c3 Qc7 17. a3 a5 18.
Ng5 h6 19. Nxe6 fxe6 20. Qe4 Nf6 21. Qxe6+ Rf7 22. c4 Rf8 23. cxb5 cxb5 24. Bxb5 Kh8 25.
Bc4 Ng6 26. b3 Rd7 27. d5 Rfd8 28. g3 Rd6 29. Qe2 Nxd5 30. Qe4 Nc3 31. Qe8+ Kh7 32. Bg8+ Kh8 33. Bf7+ Nf8 34. Rxd6 Rxe8 35. Rxe8 Qxd6 36. Bc4 1-0

[Event "*** Titled Tuesday Blitz"]
[Site "Chess.com"]
[Date "2020.12.29"]
[Round "2"]
[White "mbojan"]
[Black "BulletMercenary"]
[Result "1-0"]
[WhiteElo "2674"]
[BlackElo "2340"]
[TimeControl "180+1"]
[EndTime "10:18:27 PST"]
[Termination "mbojan won on time"]

1. Nf3 d5 2. c4 Nf6 3. cxd5 Nxd5 4. e4 Nb6 5. d4 g6 6. h4 h5 7. Nc3 Bg7 8. Be3 Bg4 9. Qd2 Bxf3 10. gxf3 e5 11.
d5 Qf6 12. Bg5 Qxf3 13. Rh3 Qg4 14. Rg3 Qd7 15. Bh3 f5 16. b3 Qf7 17. exf5 gxf5 18.
Rf3 f4 19. Rd1 N8d7 20. a4 Bf6 21. Ne4 Bxg5 22. Nxg5 Qf6 23. a5 Nc8 24. Ne6 Nd6 25. Nxc7+ Ke7 26. Bxd7 Kxd7 27. Nxa8 Rxa8 28. Rc1 Qxh4 29.
Qc2 Rc8 30. Qh7+ Qe7 31. Qxe7+ Kxe7 32. Rxc8 Nxc8 33. Rh3 Kd6 34. Rxh5 Kxd5 35. Kd2 Nd6 36. Kd3 b6 37. a6 Nb5 38. Rh7 e4+ 39. Kd2 Nd4 40.
Rxa7 Nxb3+ 41. Kc3 Nc5 42. Rd7+ Nxd7 43. a7 b5 44.
a8=Q+ Kc5 45. Qxe4 Nb6 46. Qd4+ Kc6 47. Kc2 Nd5 48. f3 b4 49. Kb3 Kd6 50. Kc4 1-0

[Event "*** Titled Tuesday Blitz"]
[Site "Chess.com"]
[Date "2020.12.29"]
[Round "2"]
[White "Sjakkerntobi"]
[Black "LawrenceTrent"]
[Result "0-1"]
[WhiteElo "2311"]
[BlackElo "2519"]
[TimeControl "180+1"]
[EndTime "10:18:27 PST"]
[Termination "LawrenceTrent won on time"]

1. e4 c5 2. Nf3 Nc6 3. d4 cxd4 4. Nxd4 Nf6 5. Nc3 e6 6. Ndb5 Bc5 7. Nd6+ Ke7 8. Bf4 e5 9. Nf5+ Kf8 10. Be3 Bxe3 11. Nxe3 d6 12. Bc4 g6 13. O-O Kg7 14.
Ned5 Nxd5 15. Bxd5 Be6 16. Qd2 Rc8 17. Rfd1 Nd4 18.
Rac1 b5 19. a3 a5 20. Bxe6 fxe6 21. Ne2 Nxe2+ 22. Qxe2 Qb6 23. Rd2 Rc6 24. Rcd1 Rhc8 25. h4 h5 26. c3 b4 27. axb4 axb4 28. c4 b3 29. Rd3 Qb4 30. Rg3 Rh8 31. Qe3 Qxc4 32.
Qg5 Rh6 33. Qe7+ Kh8 34. Qf8+ Kh7 35. Qf7+ Kh8 36. Rxg6 Rxg6 37. Qxg6 Qe2 38. Qh6+ Kg8 39. Qg6+ Kf8 40. Qf6+ Kg8 41. Qxe6+ Kg7 42. Qe7+ Kg8 43. Qe6+ Kg7 44. Qe7+ Kh8 45. Qe8+ Kg7 46. Qxc6 Qxd1+ 47. Kh2 Qg4 48. g3 Qe6 49. Qb7+ Kf6 50. Qd5 Qxd5 51. exd5 e4 52. f4 exf3 53. Kg1 Kf5 54. Kf2 Kg4 0-1

[Event "*** Titled Tuesday Blitz"]
[Site "Chess.com"]
[Date "2020.12.29"]
[Round "2"]
[White "IMVoja"]
[Black "BabyBoss31"]
[Result "1-0"]
[WhiteElo "2428"]
[BlackElo "2203"]
[TimeControl "180+1"]
[EndTime "10:18:27 PST"]
[Termination "IMVoja won by resignation"]

1. d4 d5 2. Bg5 h6 3. Bh4 g5 4.
Bg3 Bg7 5. e3 c5 6. c3 Qb6 7. Qb3 Nc6 8. Nf3 c4 9. Qxb6 axb6 10.
Na3 Na7 11. Be2 Bd7 12. Ne5 e6 13. Bh5 Bxe5 14. Bxe5 Rh7 15. h4 Ke7 16. Be2 f6 17.
Bc7 Nc8 18. Nc2 Bc6 19. Nb4 Kd7 20. Bg3 Nge7 21. Bg4 h5 22. hxg5 fxg5 23. Rxh5 Rxh5 24. Bxh5 Nd6 25. Bxd6 Kxd6 26. Bg4 Bd7 27. Ke2 Nc6 28.
Nc2 b5 29. a3 Rf8 30. Rh1 Ne7 31. Rh6 Nf5 32. Bxf5 Rxf5 33. f3 g4 34. e4 gxf3+ 35.
gxf3 Rg5 36. e5+ Kc7 37. Ne3 Rg1 38. Nd1 Rg2+ 39. Nf2 Rg1 40. Rh1 Rg3 41. Rh2 Rg6 42. Ng4 Rg5 43. Rh7 Kd8 44. Nf6 Bc8 45. Rh8+ Kc7 46.
Ne8+ Kd7 47. Nd6 Rg2+ 48. Ke3 Rxb2 49. Rxc8 Rb3 50. Kd2 Rxa3 51. Rb8 Ra2+ 52. Ke3 Ra7 53. Rxb7+ Rxb7 54. Nxb7 Kc6 55. Nc5 Kb6 56. Nxe6 Ka5 57. Kd2 b4 58. cxb4+ Kxb4 59. Kc2 c3 60. f4 Kc4 61. f5 Kb4 62. f6 Kc4 63. f7 1-0

[Event "*** Titled Tuesday Blitz"]
[Site "Chess.com"]
[Date "2020.12.29"]
[Round "2"]
[White "PowerThinking2650"]
[Black "TheKingDoctor"]
[Result "1-0"]
[WhiteElo "2424"]
[BlackElo "2202"]
[TimeControl "180+1"]
[EndTime "10:18:27 PST"]
[Termination "PowerThinking2650 won by resignation"]

1. e4 d5 2. exd5 Nf6 3. d4 Bg4 4. f3 Bf5 5. c4 e6 6. dxe6 Bxe6 7.
Nc3 Bb4 8. d5 Bf5 9. Bd3 Qe7+ 10. Ne2 Bg6 11. O-O O-O 12. Bf4 Na6 13. a3 Bc5+ 14. Kh1 Be3 15. b4 Rfe8 16. Bxg6 hxg6 17. Qd3 Bxf4 18. Nxf4 Rad8 19. Qd2 Qe3 20. Qxe3 Rxe3 21.
Rac1 Rde8 22. Rfd1 g5 23. Nd3 g4 24. fxg4 Nxg4 25. Kg1 g6 26. h3 Nh6 27. b5 Nb8 28. c5 Nd7 29. c6 bxc6 30. dxc6 Nb6 31. a4 Nf5 32. a5 Nc8 33. Nd5 Ncd6 34. Nxc7 R8e4 35. Nd5 Re2 36. Nf6+ Kg7 37. Nxe4 Nxe4 38. Re1 Neg3 39. c7 Nd6 40. Kh2 Rxe1 41. Nxe1 Nf1+ 42. Kg1 Ne3 43. c8=Q 1-0

[Event "*** Titled Tuesday Blitz"]
[Site "Chess.com"]
[Date "2020.12.29"]
[Round "2"]
[White "bogcsab"]
[Black "Forantes"]
[Result "0-1"]
[WhiteElo "1948"]
[BlackElo "2368"]
[TimeControl "180+1"]
[EndTime "10:18:27 PST"]
[Termination "Forantes won by checkmate"]

1. d4 Nf6 2. c4 g6 3. Nc3 d5 4. cxd5 Nxd5 5. e4 Nxc3 6. bxc3 Bg7 7. Bc4 c5 8. Ne2 O-O 9. O-O Nc6 10. Be3 cxd4 11.
cxd4 Qa5 12. Rc1 Rd8 13. d5 Ne5 14. Bb3 e6 15. Bd4 exd5 16. exd5 Bg4 17. f3 Bd7 18. f4 Ng4 19. h3 Nf6 20. Be5 Rac8 21. Qd4 Ne8 22.
Nc3 Bf5 23. g4 Be6 24. f5 Bd7 25. fxg6 hxg6 26. d6 Qxe5 27. Bxf7+ Kh7 28. Qf2 Qd4 29. Rcd1 Qxf2+ 30. Rxf2 Rxc3 31. Rfd2 Nf6 32. Bxg6+ Kxg6 33. Rd5 Nxd5 34. Rxd5 Re8 35. Rd2 Ree3 36. Kg2 Rg3+ 37.
Kf2 Rcf3+ 38. Ke2 Bb5+ 39. Kd1 Rc3 40. d7 Rg1# 0-1

[Event "*** Titled Tuesday Blitz"]
[Site "Chess.com"]
[Date "2020.12.29"]
[Round "2"]
[White "gahryman"]
[Black "drragnar1"]
[Result "1-0"]
[WhiteElo "2689"]
[BlackElo "2423"]
[TimeControl "180+1"]
[EndTime "10:18:28 PST"]
[Termination "gahryman won by resignation"]

1. e4 c5 2. Nc3 Nc6 3. Bb5 Nd4 4. Nf3 Nxb5 5. Nxb5 d6 6. c4 Bd7 7. O-O g6 8. d4 Bxb5 9. cxb5 Bg7 10. dxc5 dxc5 11.
Qc2 Qb6 12. a4 Nf6 13. Ne5 O-O 14. Nc4 Qe6 15. f3 Rfd8 16. Be3 b6 17. Rad1 Nd7 18. b3 Ne5 19. Rxd8+ Rxd8 20. Rd1 Rxd1+ 21. Qxd1 h5 22. Qd5 Qxd5 23. exd5 Nd3 24. Kf1 Nb4 25. d6 exd6 26. Nxd6 Be5 27. Nc8 Bxh2 28. Nxa7 Kf8 29. a5 bxa5 30.
Bxc5+ Ke8 31. b6 Na6 32. Be3 Kd7 33. Ke2 Bb8 34. Kd3 h4 35. Kc4 Nb4 36. Kb5 Nc2 37. Bf2 Na1 38. Nc6 Bd6 39. Nxa5 g5 40. b4 Nc2 41. Bc5 Bb8 42. Nc6 Kc8 43. Nxb8 Kxb8 44. Kc6 Na3 45. Bd6+ 1-0

[Event "*** Titled Tuesday Blitz"]
[Site "Chess.com"]
[Date "2020.12.29"]
[Round "2"]
[White "Homino"]
[Black "Leonid_Starozhilov"]
[Result "0-1"]
[WhiteElo "2281"]
[BlackElo "2633"]
[TimeControl "180+1"]
[EndTime "10:18:28 PST"]
[Termination "Leonid_Starozhilov won on time"]

1. e4 c5 2. Nf3 e6 3. Nc3 a6 4. d4 cxd4 5. Nxd4 Qc7 6. Be2 Nf6 7.
O-O Bc5 8. Nb3 Ba7 9. a4 Nc6 10. Kh1 d6 11. f4 O-O 12. Bf3 Bd7 13. a5 Rac8 14. Qe2 Nd4 15. Nxd4 Bxd4 16. Bd2 Bxc3 17. Bxc3 Bb5 18. Qf2 Bxf1 19. Rxf1 Qc4 20. Re1 Nd7 21.
Bg4 Nc5 22. Be2 Qxe4 23. Qg3 Qg6 24. Qf3 Ne4 25. Bd3 d5 26. Bxe4 dxe4 27. Rxe4 Rfd8 28.
h3 Rc6 29. Kh2 h6 30. Rb4 Rc7 31. Re4 Rcd7 32. Re2 Qf5 33. Rf2 f6 34. Qg3 Kh7 35.
Qe3 Qd5 36. Rf3 Qf5 37. Rg3 Rf7 38. Qf3 Rdd7 39. Qf2 e5 0-1

[Event "*** Titled Tuesday Blitz"]
[Site "Chess.com"]
[Date "2020.12.29"]
[Round "2"]
[White "ExcitingTrap"]
[Black "zajka-molotok"]
[Result "1-0"]
[WhiteElo "2333"]
[BlackElo "2499"]
[TimeControl "180+1"]
[EndTime "10:18:28 PST"]
[Termination "ExcitingTrap won by checkmate"]

1. e4 c5 2. Nf3 e6 3. d4 cxd4 4. Nxd4 Nc6 5. Nc3 Qc7 6. Be3 a6 7. Qd2 Nf6 8. Be2 Bb4 9. f3 d5 10. Nxc6 bxc6 11. Bd4 dxe4 12. Qg5 Nd5 13. fxe4 Nxc3 14.
bxc3 Bf8 15. O-O h6 16. Qh5 c5 17. Be5 Qe7 18. Bd6 Qd7 19. Bxf8 Rxf8 20. Qxc5 Ra7 21. Rad1 Rc7 22. Qb4 Qc6 23. Bh5 Qc5+ 24. Qxc5 Rxc5 25. Bf3 Rxc3 26. Rd2 Ke7 27. Rfd1 Re8 28. e5 Kf8 29. h3 a5 30. Kh2 Ba6 31. Rd7 Rxc2 32. Ra7 Be2 33. Bxe2 Rxe2 34. Rf1 f5 35. exf6 g6 36.
f7 Rd8 37. Rf6 Rxa2 38. Rxg6 Rf2 39. Rg8# 1-0

[Event "*** Titled Tuesday Blitz"]
[Site "Chess.com"]
[Date "2020.12.29"]
[Round "2"]
[White "CraiggoryC"]
[Black "Vamostodorecto"]
[Result "1/2-1/2"]
[WhiteElo "2214"]
[BlackElo "2421"]
[TimeControl "180+1"]
[EndTime "10:18:28 PST"]
[Termination "Game drawn by repetition"]

1. e4 e5 2. Nc3 Nf6 3. g3 d5 4. exd5 Nxd5 5. Bg2 Nxc3 6. bxc3 Bd6 7. Nf3 O-O 8. O-O Bg4 9. h3 Be6 10. Re1 Nc6 11. d3 Qd7 12. Ng5 Bf5 13. g4 Bg6 14.
Rb1 Rab8 15. Ne4 f5 16. Nxd6 cxd6 17. c4 fxg4 18. Qxg4 Bf5 19. Qg3 Rf6 20. Kh2 Rg6 21. Qh4 Rf8 22. Be3 b6 23. Rg1 Nd8 24. Bd5+ Kh8 25. Rxg6 Bxg6 26. Rg1 Bf5 27. Rg5 Ne6 28.
Rxf5 Rxf5 29. Be4 g5 30. Qh6 Rf4 31. Bxf4 gxf4 32. Bd5 Ng7 33. Qf6 Qe8 34. h4 Qc8 35.
h5 Qe8 36. h6 Qh5+ 37. Kg1 Qd1+ 38. Kh2 Qh5+ 39. Kg1 Qd1+ 40. Kh2 Qh5+ 1/2-1/2

[Event "*** Titled Tuesday Blitz"]
[Site "Chess.com"]
[Date "2020.12.29"]
[Round "2"]
[White "ViktoriyaTarasova"]
[Black "Stouuf"]
[Result "1-0"]
[WhiteElo "2347"]
[BlackElo "2598"]
[TimeControl "180+1"]
[EndTime "10:18:29 PST"]
[Termination "ViktoriyaTarasova won by resignation"]

1. d4 Nf6 2. c4 e6 3. Nc3 Bb4 4. Nf3 c5 5. g3 Nc6 6. Bg2 Ne4 7. Bd2 Nxd2 8. Qxd2 cxd4 9. Nxd4 O-O 10. O-O a6 11. Nc2 Be7 12. e4 d6 13. Rfd1 Rb8 14. a4 b6 15. b4 Bb7 16. Rac1 Ne5 17. Ne3 Rc8 18.
Ne2 Qc7 19. Qc2 Rfd8 20. f4 Nd7 21. Kh1 a5 22. b5 Nc5 23. Nd4 Qb8 24. Kg1 Bf6 25.
Ng4 Bxd4+ 26. Rxd4 Qa8 27. Rcd1 e5 28. fxe5 dxe5 29. Rxd8+ Rxd8 30. Nxe5 Nxe4 31. Bxe4 Rxd1+ 32. Qxd1 Bxe4 33. Qd7 Qf8 34. Qd4 Qc5 35. Qxc5 bxc5 36. Nd7 Bd3 37. Nxc5 Bxc4 38. Kf2 Kf8 39. Ke3 Ke7 40. Kd4 Bf1 41. Nb7 Bg2 42. Nxa5 g5 43.
Nc4 f6 44. Kc5 f5 45. a5 f4 46. gxf4 gxf4 47. Ne5 Ke6 48. Nd3 f3 49. Nf2 Bf1 50. a6 1-0

[Event "*** Titled Tuesday Blitz"]
[Site "Chess.com"]
[Date "2020.12.29"]
[Round "2"]
[White "Maksimus1998"]
[Black "Grandelicious"]
[Result "0-1"]
[WhiteElo "2550"]
[BlackElo "2851"]
[TimeControl "180+1"]
[EndTime "10:18:31 PST"]
[Termination "Grandelicious won by checkmate"]

1. e4 c6 2. d4 d5 3. e5 c5 4.
dxc5 e6 5. a3 Bxc5 6. Bd3 Ne7 7.
Qg4 Ng6 8. Nf3 Nd7 9. b4 Be7 10. Bb2 O-O 11. h4 f5 12. exf6 Nxf6 13. Qd4 Bd6 14.
Bxg6 hxg6 15. Ne5 Qc7 16. Nd2 Qxc2 17. Rc1 Qf5 18. f3 Qxe5+ 19. Qxe5 Bxe5 20. Bxe5 Bd7 21.
Nb3 b6 22. Kd2 Rfc8 23. Nd4 Kf7 24. Rhe1 Ng8 25. f4 Ne7 26. Nf3 Rxc1 27. Rxc1 Rc8 28. Ng5+ Kg8 29. Re1 Nf5 30. Bb2 Nd6 31. Kd3 Bb5+ 32.
Kd4 Nc4 33. Bc1 Nd6 34. Nxe6 Nf5+ 35. Kxd5 Bc4+ 36. Ke5 Bxe6 37. g4 Re8 38. Bb2 Bf7# 0-1

[Event "*** Titled Tuesday Blitz"]
[Site "Chess.com"]
[Date "2020.12.29"]
[Round "2"]
[White "annamaja"]
[Black "CSB7"]
[Result "0-1"]
[WhiteElo "2290"]
[BlackElo "2635"]
[TimeControl "180+1"]
[EndTime "10:18:31 PST"]
[Termination "CSB7 won by resignation"]

1. e4 e6 2. d4 d5 3. exd5 exd5 4.
c4 Nf6 5. Nc3 Be7 6. Bd3 Nc6 7.
Nge2 Nb4 8. O-O Nxd3 9. Qxd3 dxc4 10. Qxc4 c6 11. Bf4 O-O 12. Rad1 Be6 13. Qd3 Nd5 14. Bg3 Qd7 15. a3 Rfe8 16. Rfe1 Bf8 17.
h3 Nb6 18. Nf4 Bc4 19. Qd2 Rxe1+ 20. Rxe1 Re8 21. Rxe8 Qxe8 22. d5 cxd5 23. Qd4 Qc6 24. Nd3 f6 25. Nc1 Qe6 26. Kh2 h5 27. h4 Kf7 28. b3 Ba6 29. a4 Bd6 30. Nd3 Bxd3 31. Qxd3 Bxg3+ 32. Qxg3 Qe5 33. Nb5 d4 34. Qxe5 fxe5 35.
Nd6+ Ke6 36. Nxb7 Kd5 37. Na5 d3 38. b4 d2 39. Nb3 d1=Q 0-1

[Event "*** Titled Tuesday Blitz"]
[Site "Chess.com"]
[Date "2020.12.29"]
[Round "2"]
[White "ElGasanov"]
[Black "KNCP_719"]
[Result "1-0"]
[WhiteElo "2768"]
[BlackElo "2511"]
[TimeControl "180+1"]
[EndTime "10:18:32 PST"]
[Termination "ElGasanov won on time"]

1. d4 d5 2. c4 e6 3. Nf3 Nf6 4.
e3 Bb4+ 5. Nbd2 O-O 6. Bd3 b6 7. O-O Bb7 8. a3 Bd6 9. b4 c5 10. bxc5 bxc5 11. Rb1 Qc7 12. dxc5 Bxc5 13. Bb2 Nbd7 14.
Qc2 dxc4 15. Qxc4 Rfc8 16. Rfc1 Rab8 17. Qh4 Qd8 18. Qg3 Nf8 19. Be5 Bxa3 20. Rxc8 Rxc8 21.
Bxf6 Qxf6 22. Rxb7 Rc1+ 23. Bf1 h6 24. Rxa7 Bb4 25.
Qb8 Qc3 26. Rd7 Qc2 27. Rd8 Ba3 28. h4 Be7 29. Re8 Bc5 30. Qc8 Bb4 31. Qxc2 Rxc2 32.
Ne4 Rc1 33. Nd4 Ba3 34. g4 f5 35. gxf5 exf5 36. Nxf5 Kf7 37. Ned6+ Bxd6 38. Nxd6+ Kg8 39. Kg2 Rd1 40. Bc4+ Kh7 41. Nf7 1-0

[Event "*** Titled Tuesday Blitz"]
[Site "Chess.com"]
[Date "2020.12.29"]
[Round "2"]
[White "szabadaba"]
[Black "Chessbard1972"]
[Result "1-0"]
[WhiteElo "2594"]
[BlackElo "2320"]
[TimeControl "180+1"]
[EndTime "10:18:32 PST"]
[Termination "szabadaba won on time"]

1. e4 c5 2. Nc3 a6 3. g3 b5 4. Bg2 Bb7 5. d3 e6 6. Nf3 Nf6 7. O-O h5 8. Bg5 Be7 9. e5 Ng4 10. Bxe7 Qxe7 11. h3 Nh6 12. Ne4 Bxe4 13. dxe4 Nc6 14.
Qd2 Rd8 15. Rad1 O-O 16. Rfe1 f6 17. exf6 Qxf6 18. e5 Qg6 19. Nh4 Qf7 20. Qe3 Nd4 21. Rd2 Nhf5 22. Nxf5 Nxf5 23. Qxc5 Rc8 24. Qa7 d5 25. Qxa6 b4 26. Qd3 Ra8 27. Qb3 Rab8 28. Kh2 h4 29. Rxd5 hxg3+ 30. fxg3 Rbd8 31. Rxd8 Rxd8 32. Rf1 Qg6 33. g4 Ne3 34. Qxe3 Qxc2 35. Rf2 Qc7 36. Qf4 Qe7 37. Be4 Rc8 38. Bb1 Rd8 39. Qe4 g5 40. Qg6+ Qg7 41. Qxe6+ Kh8 42. Qf6 Re8 43.
Qxg7+ Kxg7 44. Re2 1-0

[Event "*** Titled Tuesday Blitz"]
[Site "Chess.com"]
[Date "2020.12.29"]
[Round "2"]
[White "Dynamikus"]
[Black "juancruzarias"]
[Result "0-1"]
[WhiteElo "2743"]
[BlackElo "2525"]
[TimeControl "180+1"]
[EndTime "10:18:33 PST"]
[Termination "juancruzarias won by checkmate"]

1. e4 c5 2. Nf3 g6 3. d4 cxd4 4. Nxd4 Nc6 5. Nc3 Bg7 6. Nb3 Nf6 7. Be2 O-O 8. O-O b6 9. Re1 Bb7 10.
Bf1 Na5 11. e5 Ne8 12. Nxa5 bxa5 13. Bf4 d6 14. exd6 Nxd6 15. Nd5 e6 16. Ne7+ Qxe7 17.
Bxd6 Qf6 18. Bxf8 Bxf8 19. c3 Bc5 20. Qc2 a4 21. Rad1 Bb6 22. Rd2 Qf4 23. Qd1 h5 24. g3 Qf5 25. Bg2 Bxg2 26. Kxg2 Rc8 27. a3 Qb5 28.
Qf3 Kg7 29. Red1 Rc7 30. h4 Re7 31. Qe4 e5 32. Qd5 Qe8 33. Re2 e4 34. Rde1 f5 35. Rd1 e3 36. fxe3 Kh6 37. Qd6 Qa8+ 38. Qd5 Qe8 39. Rd3 Re4 40. Qb7 Re7 41. Qd5 Re4 42. c4 Rg4 43. Qb7 Bc7 44. Qxc7 Qe4+ 45. Kf2 Qxd3 46.
Qe5 Qd8 47. Qd5 Qc7 48. Qf3 Qxc4 49. Rd2 Re4 50. Qe2 Qe6 51. Qd3 f4 52. exf4 Qb6+ 53.
Kg2 Re1 54. Rf2 Qc6+ 55. Qf3 Qc1 56. Kh2 Re3 57. Qg2 Qc5 58. Rd2 Qe7 59. Qf2 Qe4 60. Rc2 Re1 61. f5 Rh1# 0-1

[Event "*** Titled Tuesday Blitz"]
[Site "Chess.com"]
[Date "2020.12.29"]
[Round "2"]
[White "hurricane7791"]
[Black "Vusatiuk_Vladimir"]
[Result "1-0"]
[WhiteElo "2637"]
[BlackElo "2295"]
[TimeControl "180+1"]
[EndTime "10:18:33 PST"]
[Termination "hurricane7791 won by resignation"]

1. d4 Nf6 2. c4 e6 3. Nc3 Bb4 4. Qc2 c5 5. dxc5 O-O 6. Nf3 Na6 7.
g3 Nxc5 8. Bg2 Nfe4 9. Bd2 Nxd2 10. Nxd2 Qa5 11. Rc1 Rb8 12. a3 Bxc3 13. Qxc3 Qxc3 14.
Rxc3 b6 15. b4 Na4 16. Rd3 Bb7 17. Bxb7 Rxb7 18. e4 Rc8 19. Ke2 Nb2 20. Rc3 d5 21. c5 bxc5 22. bxc5 Na4 23. Rb3 Rbc7 24. exd5 exd5 25.
Rd1 Nxc5 26. Rb4 f6 27. Rd4 Rd8 28. Nf3 Re7+ 29. Kf1 Red7 30. Kg2 Kf7 31. Ne1 Ne6 32. Ra4 d4 33. Nd3 Rc7 34. Ra6 Rdd7 35. Nb4 Nc5 36.
Ra5 Nb3 37. Rd5 Rxd5 38. Nxd5 Rd7 39. Nb4 Nc5 40. Kf3 f5 41. Nc6 Ne6 42. Ne5+ Ke7 43. Nxd7 Kxd7 44. Rb1 Kc6 45. Ke2 Kd5 46. Rb7 Ke4 47. Re7 Kd5 48. Rxa7 h6 49. Kd2 Kc4 50. Re7 Kd5 51. a4 g5 52. a5 Nc5 53. Rf7 Nb3+ 54. Kd3 Nc5+ 55. Ke2 Ke4 56. f3+ Kd5 57. Rxf5+ Kc4 58.
Rxc5+ Kxc5 59. Kd3 Kd5 60. a6 1-0

[Event "*** Titled Tuesday Blitz"]
[Site "Chess.com"]
[Date "2020.12.29"]
[Round "2"]
[White "timator"]
[Black "GM_dmitrij"]
[Result "0-1"]
[WhiteElo "2594"]
[BlackElo "2955"]
[TimeControl "180+1"]
[EndTime "10:18:34 PST"]
[Termination "GM_dmitrij won on time"]

1. Nf3 Nf6 2. c4 g6 3. b3 Bg7 4. Bb2 O-O 5. g3 a6 6. Bg2 b5 7.
O-O Bb7 8. Nc3 b4 9. Na4 d6 10. d4 Nbd7 11. d5 c5 12. dxc6 Bxc6 13. Ne1 Qc7 14.
Bxc6 Qxc6 15. Nf3 Qb7 16. Rc1 Rfc8 17. Qd3 a5 18. Qe3 Ne4 19. Bxg7 Kxg7 20. Ng5 Nxg5 21. Qxg5 Nc5 22. Nxc5 Rxc5 23. Qe3 h5 24. h4 a4 25. f4 Raa5 26. Rcd1 Kg8 27. Rd3 axb3 28. axb3 Qd7 29. Qf3 Qc6 30. Qxc6 Rxc6 31. Kf2 Ra2 32. Rfd1 Rca6 33.
R1d2 Rxd2 34. Rxd2 Ra3 35. Rd3 f5 36. Ke3 Kf7 37. Kd4 Ra2 38. e4 Re2 39. exf5 gxf5 40. Kd5 Rc2 41. Kc6 Rc3 42. Rd5 Kf6 0-1